 Dungeon Crawl Stone Soup version 0.29-a0-321-gf1c400731a (webtiles) character file.

Game seed: 11831579956570590405

40 Hubjo the Skirmisher (level 3, 0/29 HPs)
             Began as a Demonspawn Monk on Apr 4, 2022.
             Slain by a hobgoblin
             ... wielding a staff of cold
              (4 damage)
             ... on level 2 of the Dungeon.
             The game lasted 00:01:34 (1941 turns).

Hubjo the Skirmisher (Demonspawn Monk)              Turns: 1941, Time: 00:01:35

Health: 0/29       AC:  2    Str: 11    XL:     3   Next: 30%
Magic:  4/4        EV: 13    Int: 11    God:
Gold:   49         SH:  0    Dex: 17    Spells: 4/4 levels left

rFire   . . .      SeeInvis .   i - +2 short sword (venom)
rCold   . . .      Faith    .   (no shield)
rNeg    . . .      Spirit   .   b - +0 robe
rPois   .          Reflect  .   (no helmet)
rElec   .          Harm     .   (no cloak)
rCorr   .          Rampage  .   (no gloves)
Will    .....                   (no boots)
Stlth   ++........              (no amulet)
HPRegen 0.09/turn               (no ring)
MPRegen 0.09/turn               (no ring)

@: slowed, very slow
A: foul stench 2
a: no special abilities


You were on level 2 of the Dungeon.
You visited 1 branch of the dungeon, and saw 2 of its levels.

You collected 49 gold pieces.

Inventory:

Hand Weapons
 a - a +0 short sword
 i - a +2 short sword of venom (weapon)
Armour
 b - a +0 robe (worn)
Scrolls
 d - 3 scrolls of identify {unknown}
 e - 2 scrolls of teleportation {unknown}
 g - a scroll of amnesia {unknown}
Potions
 c - a potion of ambrosia
 f - 2 potions of curing {unknown}
 h - 3 potions of mutation {unknown}
 j - a potion of lignification {unknown}


   Skills:
 * Level 3.6 Fighting
 - Level 2.6 Short Blades
 - Level 2.6 Dodging
 * Level 2.6 Stealth
 + Level 1.0 Spellcasting


You had 4 spell levels left.
You didn't know any spells.
Your spell library contained the following spells:

 Spells                   Type           Power      Damage    Failure   Level
 Static Discharge         Conj/Air       0%         N/A       43%         2
 Lightning Bolt           Conj/Air       0%         1d11      100%        5
 Maxwell's Capacitive Co  Air            0%         ∞         100%        8


Dungeon Overview and Level Annotations

Branches:
Dungeon (2/15)

Altars:

Shops:
D:1 [=?=

Annotations:
D:2 Natasha


Innate Abilities, Weirdness & Mutations

You sometimes emit foul miasma when damaged in melee.


Message History

You are too injured to fight recklessly!
You are too injured to fight recklessly!
You are too injured to fight recklessly!
You are too injured to fight recklessly!
You are too injured to fight recklessly!
You are too injured to fight recklessly!
You are too injured to fight recklessly!
You are too injured to fight recklessly!
You are too injured to fight recklessly!
You are too injured to fight recklessly!
You are too injured to fight recklessly!
You are too injured to fight recklessly!
You are too injured to fight recklessly!
You are too injured to fight recklessly!
You are too injured to fight recklessly!
You are too injured to fight recklessly!
You are too injured to fight recklessly!
You are too injured to fight recklessly!
You are too injured to fight recklessly!
Natasha barely misses you.
A hobgoblin comes into view. It is wielding a staff of cold.
Natasha stares at you and mumbles some strange words.
The magic dart hits you.
* * * LOW HITPOINT WARNING * * *
The hobgoblin shouts!
You hit Natasha.
Natasha is moderately wounded.
Natasha claws you.
* * * LOW HITPOINT WARNING * * *
You hit Natasha.
Natasha is poisoned.
Natasha is heavily wounded.
Natasha closely misses you.
Natasha stares at you and mumbles some strange words.
You feel as though you will be slow longer.
Natasha attacks as you move away! Natasha barely misses you.
Natasha casts a spell.
The hobgoblin closely misses you.
Natasha mumbles some strange words.
The hobgoblin hits you with a staff of cold.
You die...

#### #.. #
#5# #
##.#.###h##.#
......5.....#
###.###g.####
#.@#####.
#........#
#.########
#.# #..# #.#
#..###.#
#..##..#
#..##.##
#..##.#


You could see Natasha (resistant, very poisoned), a crimson imp (summoned), a
white imp (summoned) and a hobgoblin.

Vanquished Creatures
  An adder (D:2)
  A dart slug (D:2)
  5 orcs (D:2)
  2 bats
  2 endoplasms
  3 hobgoblins (D:2)
  2 jackals (D:2)
  A quokka (D:1)
  3 ball pythons
  A frilled lizard (D:1)
  A kobold (D:2)
22 creatures vanquished.

Notes
Turn   | Place    | Note
-------+----------+-------------------------------------------
     0 | D:1      | Hubjo the Demonspawn Monk began the quest for the Orb.
     0 | D:1      | Reached XP level 1. HP: 18/18 MP: 1/1
   226 | D:1      | Found Keis's Antique Armour Emporium.
   344 | D:1      | Found Tucewuiw's Jewellery Emporium.
   573 | D:1      | Found Bogeck's Magic Scroll Emporium.
   771 | D:1      | Found Xatuowk's Jewellery Emporium.
  1091 | D:2      | Gained mutation: You may rarely emit foul miasma when
                  | damaged in melee. [demonic ancestry]
  1091 | D:2      | Reached XP level 2. HP: 7/24 MP: 2/2
  1851 | D:2      | Gained mutation: You sometimes emit foul miasma when
                  | damaged in melee. [demonic ancestry]
  1851 | D:2      | Reached XP level 3. HP: 28/29 MP: 4/4
  1869 | D:2      | Reached skill level 1 in Spellcasting
  1928 | D:2      | Noticed Natasha
  1941 | D:2      | Slain by a hobgoblin

Illustrated notes

Levels and vault maps discovered:
D:1:      lemuel_arrival_rhombus, layout_basic, serial_shops, shop,
          nicolae_shop_statue_plus, nicolae_shop_statue_plus,
          nicolae_square_shop
D:2:      layout_loops_ring, serial_shops, shop_statue,
          ebering_ecumenical_altar_ruins, uniq_natasha

Skill      XL: |  1  2  3 |
---------------+----------+-----
Stealth        | 2 |  2.6
Spellcasting   | 1 |  1.0
Fighting       | |  3.6
Short Blades   | |  2.6
Dodging        | |  2.6

Action                   || total
-------------------------++-------
Melee: Short sword       ||    84
       Punch             ||     2
 Stab: Sleeping          ||     4
Armor: Robe              ||    18
Dodge: Dodged            ||    62

Table legend: (Time is in decaauts)
 A = Elapsed time spent in this place.
 B = Non-inter-level travel time spent in this place.
 C = Inter-level travel time spent in this place.
 D = Time resting spent in this place.
 E = Time spent auto-exploring this place.
 F = Levels seen in this place.
 G = Mean time per level.
                   A        B        C        D        E       F      G
               +--------+--------+--------+--------+--------+-----+--------+
         Total |   1942 |   1891 |     51 |      0 |   1505 |   2 |  971.0 |
       Dungeon |   1942 |   1891 |     51 |      0 |   1505 |   2 |  971.0 |
               +--------+--------+--------+--------+--------+-----+--------+

Top non-repeatable levels by time:
     D:1: 1076 daAuts
     D:2: 866 daAuts
